 Dungeon Crawl Stone Soup version 0.28-a0-535-g6f645e4c1d (webtiles) character file.

Game seed: 11795209710714669371

38935 funkygono the Thaumaturge (level 14, -5/71 HPs)
             Began as a Gargoyle Fire Elementalist on Sept 26, 2021.
             Was an Elder of Vehumet.
             Killed from afar by a fire dragon (18 damage)
             ... with a blast of flame
             ... on level 6 of the Lair of Beasts.
             The game lasted 00:41:35 (19622 turns).

funkygono the Thaumaturge (GrFE)                   Turns: 19622, Time: 00:41:35

Health: -5/71      AC: 26    Str: 14    XL:     14   Next: 4%
Magic:  21/31      EV: 12    Int: 22    God:    Vehumet [****..]
Gold:   763        SH:  0    Dex:  7    Spells: 6/40 levels left

rFire   . . .      SeeInvis +   A - +5 whip (elec)
rCold   + + .      Faith    .   (no shield)
rNeg    + . .      Spirit   .   D - +2 leather armour of the Equinox {rC++ Int+3 Dex-3 SInv}
rPois   ∞          Reflect  .   r - +1 helmet
rElec   +          Harm     .   v - +1 cloak
rCorr   .          Rampage  .   (no gloves)
Will    +....                   m - +1 pair of boots
Stlth   +.........              u - amulet of regeneration
HPRegen 1.21/turn               x - +4 ring of protection
MPRegen 0.22/turn               H - ring of wizardry

@: flying
A: sickness immunity, AC +10, big wings, negative energy resistance 1,
electricity resistance, torment resistance 1, petrification resistance
a: Renounce Religion


You were on level 6 of the Lair of Beasts.
You worshipped Vehumet.
Vehumet was greatly pleased with you.
You visited 3 branches of the dungeon, and saw 16 of its levels.
You also visited: Ossuary.

You collected 1033 gold pieces.
You spent 270 gold pieces at shops.

Inventory:

Hand Weapons
 f - a +1 spectral whip
 A - a +5 whip of electrocution (weapon)
 C - a +2 mace of protection
Armour
 m - a +1 pair of boots (worn)
 r - a +1 helmet (worn)
 v - a +1 cloak (worn)
 D - the +2 leather armour of the Equinox (worn) {rC++ Int+3 Dex-3 SInv}
   (You found it on level 7 of the Dungeon)

   Int:       It affects your intelligence (+3).
   Dex:       It affects your dexterity (-3).
   rC:        It greatly protects you from cold.
   SInv:      It lets you see invisible.
 E - the +2 robe of Melancholy {Rampage rF+}
   (You took it off a kobold brigand on level 9 of the Dungeon)

   rF:        It protects you from fire.
   Rampage:   It bestows one free step when moving towards enemies.
 G - the +3 ring mail of Uqyocryr {Contam Str+7}
   (You found it on level 3 of the Lair of Beasts)

   Str:       It affects your strength (+7).
   Contam:    It causes magical contamination when unequipped.
Magical Staves
 l - a staff of poison
 I - a staff of conjuration
Jewellery
 g - a +4 ring of evasion
 h - a ring of protection from cold
 p - a ring of protection from fire
 u - an amulet of regeneration (around neck)
 x - a +4 ring of protection (left hand)
 H - a ring of wizardry (right hand)
Wands
 a - a wand of charming (11)
 b - a wand of flame (39)
 t - a wand of paralysis (8)
 y - a wand of polymorph (5)
 F - a wand of iceblast (18)
Scrolls
 n - 4 scrolls of identify
 o - 3 scrolls of teleportation
 B - 4 scrolls of fog
 J - a scroll of amnesia
 K - a scroll of fear
 L - 2 scrolls of enchant armour
Potions
 c - 2 potions of resistance
 d - 3 potions of brilliance
 e - a potion of invisibility
 i - 2 potions of berserk rage
 j - a potion of mutation
 k - 7 potions of heal wounds
 q - 2 potions of haste
 s - 9 potions of curing
 w - 2 potions of flight
 z - 3 potions of might


   Skills:
 + Level 1.6 Fighting
 + Level 2.1 Maces & Flails
 + Level 4.2 Armour
 * Level 4.2 Dodging
 - Level 2.1 Stealth
 * Level 13.9 Spellcasting
 * Level 10.2 Conjurations
 + Level 2.3 Transmutations
 * Level 13.0 Fire Magic
 * Level 2.4 Air Magic
 + Level 6.1 Poison Magic


You had 6 spell levels left.
You knew the following spells:

 Your Spells              Type           Power      Damage    Failure   Level
a - Foxfire               Conj/Fire      100%       2x1d9     1%          1
b - Scorch                Fire           100%       2d10      1%          2
c - Conjure Flame         Conj/Fire      61%        6-21      1%          3
d - Flame Wave            Conj/Fire      61%        3d11      1%          4
e - Olgreb's Toxic Radia  Pois           42%        N/A       1%          4
f - Ignite Poison         Fire/Tmut/Pois 46%        N/A       1%          3
g - Starburst             Conj/Fire      30%        6d9       1%          6
h - Lightning Bolt        Conj/Air       21%        1d36      1%          5
i - Conjure Ball Lightni  Conj/Air       21%        3x3d6     7%          6

Your spell library contained the following spells:

 Spells                   Type           Power      Damage    Failure   Level
 Iskenderun's Battlesphe  Conj           57%        2d11      1%          5
 Magic Dart               Conj           100%       1d8       1%          1
 Sting                    Tmut/Pois      100%       1d8       1%          1
 Poisonous Vapours        Pois/Air       68%        N/A       1%          2
 Dazzling Flash           Conj/Hex       74%        N/A       1%          3
 Frozen Ramparts          Ice            30%        1d5       1%          3
 Inner Flame              Hex/Fire       44%        N/A       1%          3
 Mephitic Cloud           Conj/Pois/Air  42%        N/A       1%          3
 Fulminant Prism          Conj/Hex       18%        3d11      1%          4
 Iskenderun's Mystic Bla  Conj/Tloc      37%        2d9       1%          4
 Airstrike                Air            12%        N/A       2%          4
 Call Imp                 Summ           15%        N/A       3%          2
 Ensorcelled Hibernation  Hex/Ice        30%        N/A       3%          2
 Ozocubu's Armour         Ice            15%        N/A       6%          3
 Tukima's Dance           Hex            15%        N/A       6%          3
 Ice Form                 Ice/Tmut       20%        N/A       12%         4
 Summon Lightning Spire   Summ/Air       20%        N/A       12%         4
 Lee's Rapid Deconstruct  Erth           7%         3d8*      14%         5
 Summon Ice Beast         Ice/Summ       15%        N/A       21%         4
 Metabolic Englaciation   Hex/Ice        7%         N/A       45%         5
 Simulacrum               Ice/Necr       7%         N/A       95%         6


Dungeon Overview and Level Annotations

Branches:
Dungeon (9/15)             Temple (1/1) D:5            Lair (6/6) D:9
  Swamp (0/4) Lair:3        Snake (0/4) Lair:3        Slime (0/5) Lair:5
    Orc (0/2) D:9         Ossuary (visited)

Altars:
Ashenzari
Cheibriados
Dithmenos
Elyvilon
Fedhas
Hepliaklqana
Makhleb
Nemelex Xobeh
Okawaru
Qazlal
Ru
Sif Muna
Trog
Uskayaw
Vehumet
Wu Jian
Xom
Yredelemnul
Zin
The Shining One
Jiyva

Shops:
D:4 [   D:5 [   D:8 !!*   D:9 *

Annotations:
D:6 2 transporters, ma3's ghost, novice KoBr
Lair:1 2 transporters, exclusion: ice statue, funkygono's ghost, journeyman GrFE


Innate Abilities, Weirdness & Mutations

You are immune to sickness and miasma.
Your stone body is resilient. (AC +10)
You are immune to poison.
Your large and strong wings let you fly.
You resist negative energy. (rN+)
You are resistant to electric shocks. (rElec)
You are resistant to unholy torment.
You are immune to petrification.


Message History

The komodo dragon is moderately wounded.
The foxfire hits the komodo dragon.
The komodo dragon is moderately wounded.
The komodo dragon is engulfed in a cloud of scalding steam.
Casting: Olgreb's Toxic Radiance (mildly dangerous; 1% risk of failure)
Confirm with . or Enter, or press ? or * to list all spells.
Your toxic radiance grows in intensity.
A nearby plant withers and dies.
The foxfire hits the komodo dragon!
The komodo dragon is severely wounded.
Unknown command.
Casting: Olgreb's Toxic Radiance (mildly dangerous; 1% risk of failure)
Confirm with . or Enter, or press ? or * to list all spells.
You ignite the poison in your surroundings!
The komodo dragon seems to burn from within!!
You kill the komodo dragon!
Vehumet accepts your kill.
You feel your power returning.
A nearby plant withers and dies. x2
The fire dragon breathes flames at you. The blast of flame hits you!!!
Ouch! That really hurt!
* * * LOW HITPOINT WARNING * * *
Casting: Ignite Poison (safe; 1% risk of failure)
Confirm with . or Enter, or press ? or * to list all spells.
You can't see any susceptible monsters within range! (Use Z to cast anyway.) Unknown command.
Your toxic aura wanes.
You see here a basilisk corpse.
You see here a rime drake corpse.
The fire dragon breathes flames at you. The blast of flame hits you!
* * * LOW HITPOINT WARNING * * *
Unknown command.
You are engulfed in a cloud of scalding steam.
* * * LOW HITPOINT WARNING * * *
The plant is engulfed in a cloud of scalding steam.
The plant begins to die.
A nearby plant withers and dies.
The fire dragon breathes flames at you. The blast of flame hits you!!
You die...

♣♣♣ .≈≈♣♣
≈≈... ≈≈≈≈.♣
♣≈≈..♣♣♣ ###
♣≈≈P..♣♣
###.#####
♣≈....♣♣
#.##.....
♣≈≈@..♣
#........
♣♣≈§..♣♣
#........
♣≈§.♣.♣♣
#......§.
♣♣≈≈....♣
##..#.##.
♣♣.♣≈.P.P♣
#.#######
♣≈≈≈≈≈
♣♣.♣D≈≈♣♣.♣♣
#†.######
♣≈≈≈≈≈
♣P≈§♣♣.≈♣.P♣
#..P.....
♣≈≈≈≈≈
♣♣≈≈..♣♣..≈♣♣
#........
♣.≈≈≈§
♣♣≈≈D.♣♣♣≈≈..♣
#........


There were no monsters in sight!

Vanquished Creatures
  A boulder beetle (Lair:6)
  6 hydras
  A catoblepas (Lair:6)
  A two-headed ogre (D:8)
  6 death yaks (Lair:3)
  Nergalle (Lair:4)
  An oklob plant (Lair:6)
  An elephant (D:9)
  6 black mambas
  A torpor snail (Lair:3)
  10 cane toads
  2 kobold demonologists (D:9)
  6 rime drakes
  12 komodo dragons
  2 hornets (D:8)
  2 polar bears
  16 blink frogs
  2 dream sheep (Lair:3)
  A wraith (D:9)
  36 yaks
  6 wyverns
  4 basilisks
  Eustachio (D:5)
  5 steam dragons
  Menkaure (D:7)
  3 nagas (Lair:3)
  11 water moccasins
  5 black bears
  A swamp drake (Lair:6)
  2 ice beasts (D:7)
  2 ogres
  2 orc warriors
  9 wolves
  3 centaurs
  2 necrophages (D:7)
  3 kobold brigands (D:9)
  Blork the orc (D:4)
  10 bullfrogs
  4 elf zombies (Ossuary)
  2 gnoll sergeants
  A wyvern zombie (D:8)
  3 scorpions
  4 killer bees (D:7)
  3 howler monkeys (D:9)
  5 electric eels
  2 centaur zombies
  3 orc priests
  5 hounds
  Crazy Yiuf (D:4)
  A gnoll shaman (D:6)
  2 jellies
  A scorpion zombie (D:5)
  A centaur skeleton (D:6)
  3 iguanas
  Natasha (thrice) (D:4)
  5 orc wizards
  A hound skeleton (D:4)
  3 mummies
  20 gnolls
  5 adders
  2 shadow imps
  A white imp (D:7)
  An ufetubus (D:7)
  2 adder zombies (Ossuary)
  2 dart slugs
  4 worms
  19 orcs
  2 ball pythons (D:4)
  8 endoplasms
  2 giant cockroaches
  7 goblins
  4 hobgoblins (D:2)
  4 jackals (D:2)
  15 kobolds
  6 quokkas
  4 bats
  2 frilled lizards
  2 goblin zombies
  9 hobgoblin zombies (Ossuary)
  2 jackal zombies (Ossuary)
  12 kobold zombies (Ossuary)
  7 orc zombies
  4 rats
  A rat zombie (Ossuary)
  A butterfly (Lair:5)
386 creatures vanquished.

Vanquished Creatures (collateral kills)
  26 foxfires
26 creatures vanquished.

Vanquished Creatures (others)
  1522 foxfires
  27 fungi
  37 plants
1586 creatures vanquished.

Grand Total: 1998 creatures vanquished

Notes
Turn   | Place    | Note
-------+----------+-------------------------------------------
     0 | D:1      | funkygono the Gargoyle Fire Elementalist began the quest
                  | for the Orb.
     0 | D:1      | Reached XP level 1. HP: 10/10 MP: 3/3
   279 | D:1      | Reached XP level 2. HP: 15/15 MP: 0/5
   962 | D:2      | Found a faded altar of an unknown god.
  1203 | D:2      | Reached XP level 3. HP: 19/19 MP: 0/6
  1206 | D:2      | Learned a level 2 spell: Scorch
  1210 | D:2      | Learned a level 3 spell: Conjure Flame
  1730 | D:2      | Reached XP level 4. HP: 22/24 MP: 5/8
  2764 | D:3      | Noticed an ogre
  3067 | D:3      | Killed an ogre
  3068 | D:3      | Reached XP level 5. HP: 28/28 MP: 0/10
  3354 | D:3      | Learned a level 4 spell: Flame Wave
  3641 | D:4      | Reached XP level 6. HP: 33/33 MP: 6/11
  3906 | D:4      | Found Wynuotah's Antique Armour Shoppe.
  3944 | D:4      | Noticed a water moccasin
  3949 | D:4      | Killed a water moccasin
  3950 | D:4      | Reached skill level 5 in Fire Magic
  4116 | D:4      | Noticed Natasha
  4130 | D:4      | Killed Natasha
  4244 | D:4      | Noticed a +0 spear
  4244 | D:4      | Noticed a +0 dagger
  4246 | D:4      | Noticed a +0 dagger
  4246 | D:4      | Noticed a +0 short sword
  4247 | D:4      | Noticed a +0 spear
  4247 | D:4      | Noticed a +0 falchion
  4248 | D:4      | Noticed a +0 falchion
  4249 | D:4      | Noticed a +0 short sword
  4253 | D:4      | Found a hide-covered altar of Uskayaw.
  4254 | D:4      | Noticed Blork the orc
  4298 | D:4      | Killed Blork the orc
  4299 | D:4      | Reached XP level 7. HP: 37/37 MP: 5/13
  4513 | D:4      | Noticed Natasha
  4519 | D:4      | Killed Natasha
  4538 | D:4      | Noticed Natasha
  4546 | D:4      | Killed Natasha
  4829 | D:4      | Found a runed translucent door.
  4830 | D:4      | Noticed Crazy Yiuf
  4836 | D:4      | Killed Crazy Yiuf
  4914 | D:5      | Entered Level 5 of the Dungeon
  4923 | D:5      | Reached skill level 1 in Maces & Flails
  4963 | D:5      | Found a staircase to the Ecumenical Temple.
  4967 | D:5      | Noticed a steam dragon
  4977 | D:5      | Killed a steam dragon
  4978 | D:5      | Reached skill level 5 in Spellcasting
  5039 | Temple   | Entered the Ecumenical Temple
  5091 | Temple   | Became a worshipper of Vehumet
  5305 | D:5      | Reached XP level 8. HP: 40/42 MP: 4/16
  5609 | D:5      | Found a shimmering blue altar of Sif Muna.
  5732 | D:5      | Noticed Eustachio
  5776 | D:5      | Killed Eustachio
  5777 | D:5      | Reached skill level 1 in Fighting
  6131 | D:5      | Found Caedghohi's Antique Armour Shoppe.
  6340 | D:6      | Reached * piety under Vehumet
  6340 | D:6      | Offered knowledge of Magic Dart by Vehumet.
  6363 | D:6      | Found a sand-covered staircase.
  6398 | Ossuary  | Entered an ossuary
  6804 | Ossuary  | Reached ** piety under Vehumet
  6866 | Ossuary  | Offered knowledge of Freeze by Vehumet.
  6867 | Ossuary  | Reached skill level 5 in Conjurations
  7018 | Ossuary  | Reached XP level 9. HP: 45/47 MP: 8/19
  7536 | D:6      | Noticed ma3's ghost (novice KoBr)
  7540 | D:6      | Found a transporter.
  7544 | D:6      | Identified the +11 great mace of Hiusi {vamp, rC+ Will+}
  7544 | D:6      | Noticed a two-headed ogre
  7545 | D:6      | Found a transporter.
  8222 | D:7      | Found a sacrificial altar of Ru.
  8234 | D:7      | Noticed Menkaure
  8241 | D:7      | Killed Menkaure
  8328 | D:7      | Offered knowledge of Ignite Poison by Vehumet.
  8528 | D:7      | Identified the +2 leather armour of the Equinox {rC++ Int+3
                  | Dex-3 SInv}
  8761 | D:7      | Learned a level 4 spell: Olgreb's Toxic Radiance
  8765 | D:7      | Learned a level 3 spell: Ignite Poison
  8786 | D:8      | Noticed a hornet
  8793 | D:8      | Killed a hornet
  8794 | D:8      | Reached XP level 10. HP: 37/52 MP: 13/21
  9050 | D:7      | Reached skill level 1 in Armour
  9051 | D:7      | Reached *** piety under Vehumet
  9140 | D:8      | Found Gaulus's Distillery.
  9152 | D:8      | Bought a potion of heal wounds for 55 gold pieces
  9152 | D:8      | Bought a potion of heal wounds for 55 gold pieces
  9202 | D:8      | Found a white marble altar of Elyvilon.
  9301 | D:8      | Found Lyucyd's Distillery.
  9444 | D:8      | Found a glowing golden altar of the Shining One.
  9479 | D:8      | Reached skill level 1 in Poison Magic
  9937 | D:8      | Found Curot's Assorted Antiques.
  9946 | D:8      | Bought a triangular soapstone amulet for 160 gold pieces
  9974 | D:8      | Noticed a two-headed ogre
  9990 | D:8      | Killed a two-headed ogre
 10220 | D:8      | Learned a level 6 spell: Starburst
 10507 | D:9      | Noticed an elephant
 10523 | D:9      | Killed an elephant
 10671 | D:9      | Found a staircase to the Lair.
 10727 | D:9      | Offered knowledge of Sticky Flame by Vehumet.
 10817 | D:9      | Found Duymet's Changing Room.
 10822 | D:9      | Found a staircase to the Orcish Mines.
 10829 | D:9      | Reached skill level 10 in Fire Magic
 10857 | D:9      | Noticed a kobold demonologist
 10866 | D:9      | Killed a kobold demonologist
 10867 | D:9      | Reached XP level 11. HP: 56/56 MP: 7/24
 11191 | D:9      | Reached **** piety under Vehumet
 11342 | D:9      | Identified the +2 robe of Melancholy {Rampage rF+}
 11482 | D:9      | Found an ornate altar of the Wu Jian Council.
 11554 | D:9      | Reached skill level 10 in Spellcasting
 11560 | D:9      | Offered knowledge of Irradiate by Vehumet.
 11827 | Lair:1   | Entered Level 1 of the Lair of Beasts
 11881 | Lair:1   | Reached skill level 1 in Transmutations
 12024 | Lair:1   | Noticed funkygono's ghost (journeyman GrFE)
 12080 | Lair:1   | Found a transporter.
 12082 | Lair:1   | Found a transporter.
 12266 | Lair:1   | Identified the +4 falchion of the Sun {venom, Str+3}
 12343 | Lair:1   | Noticed a seven-headed hydra
 12352 | Lair:1   | Killed a seven-headed hydra
 13693 | Lair:2   | Reached XP level 12. HP: 54/61 MP: 21/26
 13930 | Lair:2   | Learned a level 5 spell: Lightning Bolt
 14058 | Lair:3   | Noticed a death yak
 14060 | Lair:3   | Noticed a death yak
 14064 | Lair:3   | Killed a death yak
 14064 | Lair:3   | Killed a death yak
 14145 | Lair:3   | Noticed a death yak
 14149 | Lair:3   | Noticed a death yak
 14149 | Lair:3   | Noticed a death yak
 14152 | Lair:3   | Reached skill level 5 in Poison Magic
 14154 | Lair:3   | Noticed a death yak
 14155 | Lair:3   | Killed a death yak
 14155 | Lair:3   | Killed a death yak
 14156 | Lair:3   | Killed a death yak
 14175 | Lair:3   | Killed a death yak
 14437 | Lair:3   | Noticed a six-headed hydra
 14445 | Lair:3   | Killed a six-headed hydra
 14658 | Lair:3   | Identified the +3 ring mail of Uqyocryr {Contam Str+7}
 15076 | Lair:3   | Found a staircase to the Swamp.
 15112 | Lair:3   | Found a staircase to the Snake Pit.
 15261 | Lair:3   | Reached ***** piety under Vehumet
 15627 | Lair:4   | Offered knowledge of Conjure Ball Lightning by Vehumet.
 15633 | Lair:4   | Noticed a seven-headed hydra
 15858 | Lair:4   | Killed a seven-headed hydra
 15859 | Lair:4   | Reached XP level 13. HP: 35/65 MP: 25/29
 15872 | Lair:4   | Noticed Nergalle
 16666 | Lair:4   | Killed Nergalle
 16954 | Lair:4   | Learned a level 6 spell: Conjure Ball Lightning
 17395 | Lair:5   | Found a viscous altar of Jiyva.
 17395 | Lair:5   | Found a staircase to the Slime Pits.
 18224 | Lair:6   | Entered Level 6 of the Lair of Beasts
 18297 | Lair:6   | Reached skill level 1 in Air Magic
 18369 | Lair:6   | Reached skill level 10 in Conjurations
 19403 | Lair:6   | Offered knowledge of Iskenderun's Battlesphere by Vehumet.
 19471 | Lair:6   | Gained mutation: Your large and strong wings let you fly.
                  | [Gargoyle growth]
 19471 | Lair:6   | Reached XP level 14. HP: 71/71 MP: 29/31
 19622 | Lair:6   | Killed from afar by a fire dragon

Illustrated notes

Levels and vault maps discovered:
D:1:      scummos_arrival_simple_crosswalls, layout_loops_ring
D:2:      layout_basic, hellmonk_ecumenical_altar_crossroads
D:3:      layout_loops_cross, serial_co_window_serial, co_window_paths_a,
          co_window_paths_b, co_window_corner_a, co_window_paths_b,
          co_window_of_opportunity_a, co_window_2corner, co_window_corner_b,
          co_window_corner_b, co_window_paths_c, co_window_4corner_b,
          co_window_paths_e, glass_columns_a, glass_columns_a, glass_columns_a
D:4:      layout_loops_ring, nicolae_uskayaw_en_pointe, serial_shops,
          nicolae_shop_crystal, uniq_natasha, uniq_blork_the_orc,
          uniq_crazy_yiuf_cottage
D:5:      layout_loops_ring, lemuel_blue_sif_altar, minmay_temple_entry_glass,
          serial_shops, kennysheep_mini, uniq_eustachio
D:6:      layout_rooms, gammafunk_ghost_smash, nicolae_ossuary_entry_giza
D:7:      layout_basic, mainiacjoe_overflow_brackets, nrook_uturn, uniq_menkaure
D:8:      layout_loops_corners, elyvilon_altar_3,
          mainiacjoe_overflow_concentric_impassable, serial_shops, shop,
          nicolae_stop_n_shop_2, shop, minmay_misc_feat_alley,
          grunt_ministairs_3
D:9:      layout_rooms, kennysheep_little_box, david_lair_generic, orc_0_dummy,
          grunt_ministairs_15, small_statue_intersection,
          nicolae_transmutations_shop
Temple:   zaba_magenta_temple
Lair:1:   layout_small_grid, nzn_ghost_randoct, st_stairs_4, grunt_megastairs_3
Lair:2:   layout_chaotic_city, minmay_stone_trees_medium,
          infiniplex_staircase_pool_2, serial_bayou_shore_a, grunt_megastairs_5,
          lemuel_fruit_fields
Lair:3:   layout_hall_layers, swamp_mist_pool,
          minmay_snake_entry_guardpost_small, cheibrodos_lair_reptile_den
Lair:4:   layout_loops_ring, lemuel_fruit_fields, uniq_nergalle
Lair:5:   statuecave_lemuel, layout_loops_ring, slime_altar_1,
          eino_small_chamber_without_monster, lemuel_fruit_fields,
          serial_bayou_shore_b
Lair:6:   guppyfry_lair_end_dragon, layout_long_grid

Skill      XL: |  1  2  3  4  5  6  7  8  9 10 11 12 13 14 |
---------------+-------------------------------------------+-----
Fire Magic     | 4 5 6 7 9 10 11 13 | 13.0
Conjurations   | 2 3 4 5 6 7 8 9 10 | 10.2
Spellcasting   | 3 4 5 6 7 9 10 12 13 | 13.9
Maces & Flails | 1 2 |  2.1
Dodging        | 2 3 4 |  4.2
Fighting       | 1 |  1.6
Armour         | 3 4 |  4.2
Poison Magic   | 2 4 5 6 |  6.1
Transmutations | 1 2 |  2.3
Air Magic      | 2 |  2.4
Stealth        | |  2.1

Action                   |  1- 3 |  4- 6 |  7- 9 | 10-12 | 13-15 || total
-------------------------+-------+-------+-------+-------+-------++-------
Melee: Club              |     5 |       |       |       |       ||     5
       Whip              |     7 |    24 |    36 |    66 |     9 ||   142
 Cast: Foxfire           |    55 |    82 |   294 |   257 |   188 ||   876
       Scorch            |       |    12 |    39 |    39 |    55 ||   145
       Conjure Flame     |       |     1 |     1 |       |       ||     2
       Flame Wave        |       |       |     1 |     7 |     6 ||    14
       Ignite Poison     |       |       |       |    37 |    22 ||    59
       Olgreb's Toxic Ra |       |       |       |    41 |    18 ||    59
       Lightning Bolt    |       |       |       |     1 |       ||     1
  Use: Scroll            |     2 |     5 |     9 |     7 |     4 ||    27
       Potion            |       |       |       |       |     1 ||     1
 Stab: Sleeping          |       |       |     1 |       |       ||     1
Armor: Robe              |     2 |     9 |    56 |       |       ||    67
       Leather armour    |       |       |     1 |    95 |    45 ||   141
Dodge: Dodged            |    10 |    32 |   125 |   118 |    36 ||   321

Table legend: (Time is in decaauts)
 A = Elapsed time spent in this place.
 B = Non-inter-level travel time spent in this place.
 C = Inter-level travel time spent in this place.
 D = Time resting spent in this place.
 E = Time spent auto-exploring this place.
 F = Levels seen in this place.
 G = Mean time per level.
                   A        B        C        D        E       F      G
               +--------+--------+--------+--------+--------+-----+--------+
         Total |  19664 |  19289 |    375 |   1620 |  14504 |  17 | 1156.7 |
       Dungeon |  10959 |  10771 |    188 |    705 |   8257 |   9 | 1217.7 |
        Temple |    115 |     96 |     19 |      0 |     88 |   1 |  115.0 |
          Lair |   7822 |   7654 |    168 |    915 |   5597 |   6 | 1303.7 |
       Ossuary |    766 |    766 |      0 |      0 |    562 |   1 |  766.0 |
               +--------+--------+--------+--------+--------+-----+--------+

Top non-repeatable levels by time:
  Lair:3: 2137 daAuts
     D:4: 1460 daAuts
  Lair:6: 1400 daAuts
     D:9: 1399 daAuts
     D:8: 1393 daAuts
     D:2: 1364 daAuts
     D:3: 1227 daAuts
     D:7: 1210 daAuts
  Lair:2: 1192 daAuts
     D:5: 1112 daAuts
  Lair:1: 1033 daAuts
  Lair:4: 1031 daAuts
  Lair:5: 1027 daAuts
     D:6: 927 daAuts
     D:1: 863 daAuts
